 Dungeon Crawl Stone Soup version 0.18.1-50-g88ac8fd (webtiles) character file.

107922 Plasmo the Warrior (level 16, -1/149 HPs)
             Began as a Minotaur Berserker on Oct 30, 2016.
             Was the Champion of Trog.
             Slain by a white ugly thing (45 damage)
             ... on level 14 of the Dungeon.
             The game lasted 01:37:17 (23483 turns).

Plasmo the Warrior (Minotaur Berserker)            Turns: 23483, Time: 01:37:18

Health: -1/149     AC: 27    Str: 28    XL:     16   Next: 1%
Magic:  19/19      EV: 23    Int:  9    God:    Trog [******]
Gold:   2080       SH:  0    Dex: 23    Spells: 0 memorised, 15 levels left

rFire  + + +     SeeInvis +     q - +2 executioner's axe (chop)
rCold  x . .     Gourm    .     n - +6 fire dragon armour
rNeg   . . .     Faith    .     (shield currently unavailable)
rPois  .         Spirit   .     (helmet restricted)
rElec  .         Dismiss  .     d - +1 cloak
rCorr  +         Reflect  .     h - +0 pair of gloves
SustAt .         Harm     .     m - +2 pair of boots of Qazlal's Outrage {MR- Str+6 Dex+5}
MR     .....     Rnd*Tele +     B - amulet of magic regeneration
Stlth  ..........               f - ring of Xoroesku {*Tele rF+ Dex+6 SInv}
                                j - ring of resist corrosion

@: not resistant to hostile enchantments, extremely unstealthy
A: retaliatory headbutt, horns 2
a: Berserk, Trog's Hand, Brothers in Arms, Burn Spellbooks, Renounce Religion


You were on level 14 of the Dungeon.
You worshipped Trog.
Trog was exalted by your worship.
You were not hungry.

You visited 3 branches of the dungeon, and saw 24 of its levels.
You also visited: Bailey and Volcano.

You collected 2332 gold pieces.
You spent 252 gold pieces at shops.

Inventory:

Hand Weapons
 o - a +0 blowgun
 q - a +2 executioner's axe of chopping (weapon)
 x - a +3 broad axe of venom
 T - a +4 antimagic great mace
 U - a +4 battleaxe of chopping
 X - a +2 broad axe of flaming
Missiles
 z - 17 javelins of returning
 H - 5 curare-tipped needles
 N - 4 poisoned javelins (quivered)
 O - 10 javelins
 S - 11 steel javelins
Armour
 d - a +1 cloak (worn)
 h - a +0 pair of gloves (worn)
 m - the +2 pair of boots of Qazlal's Outrage (worn) {MR- Str+6 Dex+5}
   (You acquired it on level 6 of the Lair of Beasts)

   It affects your strength (+6).
   It affects your dexterity (+5).
   It affects your resistance to hostile enchantments.
 n - a +6 fire dragon armour (worn)
Jewellery
 f - the ring of Xoroesku (right hand) {*Tele rF+ Dex+6 SInv}
   (You found it on level 4 of the Dungeon)

   [ring of teleportation]

   It may teleport you next to monsters.
   It affects your dexterity (+6).
   It protects you from fire.
   It lets you see invisible.
 j - a ring of resist corrosion (left hand)
 B - an amulet of magic regeneration (around neck)
 G - an uncursed ring of flight
 J - a +4 ring of protection
 K - the amulet "Ilearax" {+Inv +Fly MR++ Regen+ Str-4}
   (You found it in a bailey)

   [amulet of regeneration]

   It affects your strength (-4).
   It affects your resistance to hostile enchantments.
   It lets you turn invisible.
   It lets you fly.
   It increases your rate of regeneration.
 P - a +6 ring of dexterity
Wands
 y - a wand of iceblast (9/15)
 Q - a wand of digging (17/24)
 W - a wand of teleportation (3/9)
Scrolls
 k - 4 scrolls of recharging
 t - 3 scrolls of identify
 u - 2 scrolls of enchant weapon
 E - 3 scrolls of remove curse
 L - 3 scrolls of blinking
 M - 3 scrolls of teleportation
Potions
 a - 3 potions of flight
 e - 3 potions of lignification
 i - 6 potions of curing
 l - a potion of ambrosia
 r - 5 potions of brilliance
 s - 2 potions of might
 v - 5 potions of haste
 w - a potion of agility
 A - 4 potions of resistance
 C - 2 potions of cancellation {unknown}
 D - 3 potions of berserk rage
 F - 2 potions of cure mutation
 R - a potion of beneficial mutation {unknown}
 Z - a potion of magic
Books
 Y - a book of Unlife

   Spells                             Type                      Level
   a - Recall                         Summoning/Translocation      3
   b - Animate Dead                   Necromancy                   4
   c - Control Undead                 Necromancy                   4
   d - Cigotuvi's Embrace             Necromancy                   5
   e - Death Channel                  Necromancy                   6
   f - Simulacrum                     Ice/Necromancy               6
   Trog disapproves of the use of such an item.
Miscellaneous
 I - a legendary deck of wonders
Comestibles
 b - 11 meat rations
 c - 12 bread rations
 g - 2 royal jellies
 p - 2 beef jerkies
 V - 3 fruits


   Skills:
 * Level 15.0 Fighting
 * Level 14.8 Axes
 + Level 9.6 Throwing
 * Level 14.6 Armour
 * Level 13.8 Dodging
 + Level 10.2 Unarmed Combat
 - Level 0.1 Spellcasting
 + Level 6.5 Evocations


You had 15 spell levels left.
You didn't know any spells.

Dungeon Overview and Level Annotations

Branches:
Dungeon (14/15)            Temple (0/1) D:7            Lair (8/8) D:11
  Swamp (0/4) Lair:3       Spider (0/4) Lair:4        Slime (0/6) Lair:7
    Orc (2/2) D:12            Elf (0/3) Orc:2        Vaults (0/5) D:13

Altars:
Cheibriados
Dithmenos
Elyvilon
Fedhas
Gozag
Kikubaaqudgha
Makhleb
Qazlal
Ru
Sif Muna
Vehumet
Yredelemnul
Zin
Beogh

Shops:
D:7 !   D:8 *   D:14 %   Orc:1 [   Orc:2 (:%!

Portals:
Pandemonium: Orc:2

Annotations:
D:2 exclusion: oklob plant


Innate Abilities, Weirdness & Mutations

You reflexively headbutt those who attack you in melee.
You have a pair of horns on your head.


Message History

The red ugly thing is heavily wounded.
The white ugly thing tail-slaps you! The white ugly thing freezes you!!
You feel a terrible chill! The red ugly thing misses you.
The brown ugly thing basks in the mutagenic energy from its kin and changes!
The basilisk bites you.
You slice the basilisk!! You headbutt the basilisk.
The basilisk is severely wounded.
You slash the red ugly thing!
The red ugly thing is heavily wounded.
You closely miss the white ugly thing.
The white ugly thing is moderately wounded.
The white ugly thing tail-slaps you but does no damage.
The red ugly thing closely misses you. You furiously retaliate!
You headbutt the red ugly thing!
The basilisk bites you but does no damage.
The red ugly thing completely misses you.
The white ugly thing tail-slaps you.
* * * LOW HITPOINT WARNING * * *
The white ugly thing freezes you!!!
You feel a terrible chill!
You die...

....≈≈≈....#### #.# #.
....≈#≈≈≈≈....## #.# #.
#...≈≈≈≈#≈≈≈≈..# #.# ##
#..≈≈≈#≈≈≈≈#≈..# #..# #
#..≈#≈≈≈≈#≈≈≈..# ##.# #
#..≈≈≈≈#≈≈≈≈...# ######.###
# #.≈≈≈#≈≈≈≈#≈...#
#........#
#.≈#≈≈≈≈#≈≈≈.÷#####).......#
'.≈≈≈≈#≈≈≈≈(.).u@##........#
#....≈≈≈≈#≈.####ul#........#
####..?.≈≈≈.# ##u.<)......#
# ##.#.....# ###........# #
#.....### #####.#### #
#####(##### ... #.....#
#########+###
########+####(....(.....#
#..?.......##...........# #


You could see 3 ugly things and a basilisk.

Vanquished Creatures
  Kirke (D:13)
  Maud (D:12)
  The ghost of tailblues the Thaumaturge, a journeyman DgWz (Orc:2)
  Azrael (D:14)
  8 vault guards (D:13)
  The ghost of Drunkenshrew the Cleaver, a journeyman MiFi of Trog (D:10)
  The ghost of sheala the Thaumaturge, a journeyman HEEn of Vehumet (D:13)
  Harold (Orc:1)
  6 hydras
  3 catoblepae (Lair:8)
  The ghost of Dioneo the Carver, a journeyman HuFi of Yredelemnul (Lair:2)
  A centaur warrior (D:13)
  The ghost of Drunkenshrew the Fighter, a novice DsFi of Makhleb (D:9)
  15 death yaks (Lair:8)
  An ogre mage (Volcano)
  8 orc high priests (Orc:2)
  Urug (Lair:1)
  3 unseen horrors
  3 gelid demonspawn (Orc:2)
  A torturous demonspawn (Orc:2)
  4 hill giants
  A lindwurm (Lair:8)
  8 orc knights
  2 griffons
  A deep elf mage (D:12)
  A manticore (D:11)
  5 orc sorcerers
  9 ugly things
  2 cyclopes (D:14)
  23 elephants
  7 black mambas
  5 centaur skeletons
  12 spiny frogs
  An orange demon (Orc:2)
  2 gargoyles
  4 rime drakes
  A freezing wraith (D:14)
  3 ice devils (Orc:2)
  8 komodo dragons
  5 trolls
  The ghost of Patate the Covert, a novice SpAs (D:5)
  A polar bear (Lair:6)
  4 two-headed ogres
  2 boulder beetles
  4 slime creatures (D:12)
  20 blink frogs
  A wraith (D:13)
  3 fire bats (Lair:3)
  41 yaks
  2 wyverns
  4 fire elementals (D:14)
  3 hogs (D:13)
  A hungry ghost (D:9)
  2 vampire mosquitoes (D:12)
  9 hippogriffs
  5 wargs
  2 mottled dragons
  2 hell hounds (D:14)
  5 swamp worms (Lair:3)
  Duvessa (D:5)
  14 water moccasins
  2 black bears
  12 porcupines
  6 ice beasts
  2 wasps
  37 orc warriors
  A necrophage (D:14)
  An eye of draining (D:11)
  14 ogres
  13 wolves
  A sky beast (D:10)
  18 centaurs
  17 crocodiles
  A big kobold (D:10)
  18 giant frogs
  Dowan (D:5)
  A gnoll sergeant (D:8)
  5 scorpions
  5 killer bees (D:11)
  An electric eel (Lair:3)
  A howler monkey (D:5)
  A crimson imp (D:11)
  3 centaur zombies
  7 hounds
  4 jellies
  2 giant frog skeletons
  20 orc priests
  A gnoll shaman (D:5)
  9 iguanas
  16 orc wizards
  3 hell rats
  9 worker ants
  2 killer bee zombies (D:8)
  24 sheep
  A hound zombie (D:11)
  A mummy (D:5)
  A worker ant zombie (D:10)
  14 adders
  9 gnolls
  A howler monkey skeleton (D:7)
  36 river rats
  2 shadow imps
  An adder skeleton (D:5)
  6 worms
  A dart slug (D:3)
  10 giant geckos
  62 orcs
  6 giant cockroaches
  11 hobgoblins
  5 jackals (D:2)
  16 kobolds
  4 quokkas
  3 ball pythons
  16 bats
  A giant gecko zombie (D:7)
  5 giant newts
  13 goblins
  17 rats
  7 fungi
  9 plants
806 creatures vanquished.

Vanquished Creatures (others)
  A giant frog (D:13)
  An iguana (D:13)
  A dart slug (D:1)
  A kobold (D:1)
  35 fungi
  34 plants
73 creatures vanquished.

Grand Total: 879 creatures vanquished

Notes
Turn   | Place    | Note
--------------------------------------------------------------
     0 | D:1      | Plasmo the Minotaur Berserker began the quest for the Orb.
     0 | D:1      | Reached XP level 1. HP: 19/19 MP: 0/0
   265 | D:1      | Reached XP level 2. HP: 27/27 MP: 1/1
   419 | D:1      | Reached skill level 1 in Throwing
   643 | D:1      | HP: 1/27 [something (26)]
   960 | D:2      | Reached XP level 3. HP: 26/33 MP: 2/2
   964 | D:2      | Reached skill level 4 in Fighting
   972 | D:2      | Reached ** piety under Trog
  1199 | D:2      | Found a sacrificial altar of Ru.
  1336 | D:2      | Reached XP level 4. HP: 27/40 MP: 3/3
  1381 | D:2      | Found a shadowy altar of Dithmenos.
  1618 | D:2      | Found a blossoming altar of Fedhas.
  1637 | D:2      | Noticed an oklob plant
  2138 | D:3      | Reached *** piety under Trog
  2174 | D:3      | Reached skill level 1 in Unarmed Combat
  2602 | D:4      | Reached XP level 5. HP: 47/47 MP: 4/4
  2627 | D:4      | Got a steaming pewter ring
  2661 | D:4      | Found a white marble altar of Elyvilon.
  2713 | D:4      | Found a blossoming altar of Fedhas.
  2989 | D:4      | Reached XP level 6. HP: 55/55 MP: 5/5
  3115 | D:5      | Entered Level 5 of the Dungeon
  3117 | D:5      | Noticed Patate's ghost (novice SpAs)
  3120 | D:4      | Identified the ring of Xoroesku {*Tele rF+ Dex+6 SInv} (You found it on level 4 of the Dungeon)
  3331 | D:5      | Killed Patate's ghost
  3331 | D:5      | Reached skill level 5 in Fighting
  3331 | D:5      | Reached skill level 5 in Axes
  3331 | D:5      | Reached XP level 7. HP: 57/61 MP: 6/6
  3475 | D:5      | Reached **** piety under Trog
  3478 | D:5      | Found an opulent altar of Gozag.
  3506 | D:5      | Noticed Duvessa
  3506 | D:5      | Noticed Dowan
  3512 | D:5      | Killed Duvessa
  3513 | D:5      | Killed Dowan
  3733 | D:5      | Reached skill level 5 in Dodging
  3761 | D:5      | Found a basalt altar of Yredelemnul.
  3807 | D:5      | Reached skill level 5 in Armour
  3951 | D:5      | Reached skill level 6 in Fighting
  3951 | D:5      | Reached XP level 8. HP: 69/70 MP: 7/7
  4004 | D:5      | Found a snail-covered altar of Cheibriados.
  4858 | D:7      | Found Efeive's Distillery.
  4861 | D:7      | Bought a potion of might for 56 gold pieces
  4861 | D:7      | Bought a potion of brilliance for 56 gold pieces
  4861 | D:7      | Bought a potion of haste for 140 gold pieces
  5482 | D:7      | Found a staircase to the Ecumenical Temple.
  5487 | D:7      | Reached skill level 7 in Fighting
  5669 | D:7      | Reached XP level 9. HP: 67/79 MP: 8/8
  5732 | D:8      | Reached ***** piety under Trog
  5772 | D:8      | Found a radiant altar of Vehumet.
  5781 | D:8      | Received a gift from Trog
  5788 | D:8      | Found an ancient bone altar of Kikubaaqudgha.
  5790 | D:8      | Found a deep blue altar of Sif Muna.
  5795 | D:8      | Identified Kikubaaqudgha's Reference Book on Dark Arts
  5886 | D:8      | Noticed a troll
  5897 | D:8      | Killed a troll
  6171 | D:8      | Found a stormy altar of Qazlal.
  6218 | D:8      | Found Zin's Purification Station.
  6218 | D:8      | Found a glowing silver altar of Zin.
  6268 | D:8      | Reached skill level 8 in Fighting
  6305 | D:8      | Found a burning altar of Makhleb.
  6523 | D:9      | Noticed Drunkenshrew's ghost (novice DsFi)
  6542 | D:9      | Killed Drunkenshrew's ghost
  6545 | D:9      | Received a gift from Trog
  6806 | D:9      | Noticed a red ugly thing
  6812 | D:9      | Killed a red ugly thing
  6812 | D:9      | Reached XP level 10. HP: 90/90 MP: 9/9
  6847 | D:9      | Reached skill level 5 in Unarmed Combat
  7201 | D:10     | Entered Level 10 of the Dungeon
  7265 | D:10     | Reached skill level 9 in Fighting
  7294 | D:10     | Reached skill level 5 in Throwing
  7312 | D:10     | Noticed Drunkenshrew's ghost (journeyman MiFi)
  7361 | D:10     | Noticed an unseen horror
  7394 | D:10     | Killed Drunkenshrew's ghost
  7399 | D:10     | Noticed a hill giant
  7405 | D:10     | Killed a hill giant
  7418 | D:10     | Killed an unseen horror
  7556 | D:10     | Reached XP level 11. HP: 82/99 MP: 10/10
  8382 | D:11     | Noticed Maud
  8409 | D:11     | Noticed an unseen horror
  8415 | D:11     | Reached skill level 10 in Fighting
  8415 | D:11     | Killed an unseen horror
  8473 | D:11     | Reached skill level 10 in Axes
  8563 | D:11     | Noticed an unseen horror
  8574 | D:11     | Killed an unseen horror
  8586 | D:11     | Found a staircase to the Lair.
  8599 | D:11     | Noticed a red ugly thing
  8608 | D:11     | Killed a red ugly thing
  8705 | D:11     | Reached skill level 10 in Armour
  8735 | D:11     | Reached skill level 1 in Evocations
  8827 | D:11     | Noticed a hill giant
  8836 | D:11     | Killed a hill giant
  8836 | D:11     | Received a gift from Trog
  9001 | Lair:1   | Entered Level 1 of the Lair of Beasts
  9034 | Lair:1   | Noticed Urug
  9049 | Lair:1   | Killed Urug
  9537 | Lair:1   | Reached skill level 11 in Fighting
 10477 | Lair:2   | Found a stormy altar of Qazlal.
 10499 | Lair:2   | Reached XP level 12. HP: 99/110 MP: 12/12
 10731 | Lair:2   | Noticed Dioneo's ghost (journeyman HuFi)
 10749 | Lair:2   | Killed Dioneo's ghost
 10749 | Lair:2   | Reached skill level 10 in Dodging
 11176 | Lair:3   | Found a dark tunnel.
 11186 | Volcano  | Entered a volcano
 11205 | Volcano  | Found a bloodstained altar of Trog.
 11206 | Volcano  | Noticed an ogre mage
 11216 | Volcano  | Killed an ogre mage
 11713 | Lair:3   | Found a staircase to the Swamp.
 11719 | Lair:3   | Reached ****** piety under Trog
 11719 | Lair:3   | Received a gift from Trog
 12160 | Lair:4   | Found a hole to the Spider Nest.
 13076 | Lair:4   | Reached skill level 12 in Fighting
 13578 | Lair:5   | Reached XP level 13. HP: 118/118 MP: 14/14
 14120 | Lair:5   | Received a gift from Trog
 14585 | Lair:6   | Identified a scroll of acquirement
 14588 | Lair:6   | Got a pair of spiked boots
 14594 | Lair:6   | Identified the +2 pair of boots of Qazlal's Outrage {MR- Str+6 Dex+5} (You acquired it on level 6 of the Lair of Beasts)
 14743 | Lair:6   | Received a gift from Trog
 15463 | Lair:7   | Found a staircase to the Slime Pits.
 15766 | Lair:7   | Received a gift from Trog
 16096 | Lair:7   | Reached skill level 13 in Fighting
 16412 | Lair:8   | Entered Level 8 of the Lair of Beasts
 16486 | Lair:8   | Reached XP level 14. HP: 129/129 MP: 16/16
 17164 | Lair:8   | Reached skill level 5 in Evocations
 17997 | Lair:8   | Received a gift from Trog
 18591 | D:12     | Killed Maud
 18760 | D:12     | Found a staircase to the Orcish Mines.
 19031 | D:12     | Reached skill level 14 in Fighting
 19213 | Orc:1    | Entered Level 1 of the Orcish Mines
 19422 | Orc:1    | Noticed Harold
 19432 | Orc:1    | Killed Harold
 19458 | Orc:1    | Found Paukiar's Antique Armour Boutique.
 19599 | Orc:1    | Found a roughly hewn altar of Beogh.
 19601 | Orc:1    | Reached XP level 15. HP: 107/138 MP: 18/18
 19748 | Orc:2    | Entered Level 2 of the Orcish Mines
 19751 | Orc:2    | Found a staircase to the Elven Halls.
 19764 | Orc:2    | Found Uliabeimer's Food Shoppe.
 19959 | Orc:2    | Found Xecret's Distillery.
 19975 | Orc:2    | Received a gift from Trog
 20306 | Orc:2    | Gained mutation: You are frail (-10% HP). [a neqoxec]
 20308 | Orc:2    | Gained mutation: You are very frail (-20% HP). [a neqoxec]
 20728 | Orc:2    | Noticed tailblues's ghost (journeyman DgWz)
 20736 | Orc:2    | Killed tailblues's ghost
 21488 | Orc:2    | Found Dipt's Book Boutique.
 21488 | Orc:2    | Found a one-way gate leading to the halls of Pandemonium.
 21488 | Orc:2    | Found Esepn's Antique Weapon Shop.
 21723 | D:12     | Lost mutation: You are very frail (-20% HP). [potion of cure mutation]
 21723 | D:12     | Lost mutation: You are frail (-10% HP). [potion of cure mutation]
 21734 | D:13     | Noticed Kirke
 21740 | D:13     | Killed Kirke
 21740 | D:13     | Received a gift from Trog
 21784 | D:13     | Found a gate to the Vaults.
 21802 | D:13     | Reached skill level 10 in Unarmed Combat
 22013 | D:13     | Noticed sheala's ghost (journeyman HEEn)
 22029 | D:13     | Killed sheala's ghost
 22042 | D:13     | Found a flagged portal.
 22048 | Bailey   | Entered a bailey
 22207 | Bailey   | Got a smoking pewter amulet
 22941 | D:13     | Received a gift from Trog
 22957 | D:13     | Identified the amulet "Ilearax" {+Inv +Fly MR++ Regen+ Str-4} (You found it in a bailey)
 23115 | D:14     | Noticed Azrael
 23129 | D:14     | Killed Azrael
 23283 | D:14     | Found Dira's Food Shoppe.
 23326 | D:14     | Reached skill level 15 in Fighting
 23363 | D:14     | Received a gift from Trog
 23469 | D:14     | Reached XP level 16. HP: 124/149 MP: 19/19
 23483 | D:14     | Slain by a white ugly thing

Skill      XL: |  1  2  3  4  5  6  7  8  9 10 11 12 13 14 15 |
---------------+----------------------------------------------+-----
Throwing       | 1 2 3 4 5 6 7 8 9 |  9.6
Fighting       | 4 5 6 7 8 9 11 12 13 14 15 | 15.0
Axes           | 4 5 6 8 9 10 11 12 13 14 | 14.8
Dodging        | 3 4 5 6 7 8 9 11 12 13 | 13.8
Armour         | 3 4 5 6 7 9 10 11 12 13 14 | 14.6
Unarmed Combat | 1 2 3 4 6 7 8 9 10 | 10.2
Evocations     | 2 3 4 5 6 |  6.5
Spellcasting   | |  0.1

Action                   |  1- 3 |  4- 6 |  7- 9 | 10-12 | 13-15 | 16-18 || total
-------------------------+-------+-------+-------+-------+-------+-------++-------
Melee: Hand axe          |    99 |    96 |   243 |    14 |       |       ||   452
       Headbutt          |    16 |    17 |    73 |   127 |   327 |     1 ||   561
       Punch             |       |       |     5 |    10 |    33 |       ||    48
       Broad axe         |       |       |       |   318 |   379 |       ||   697
       Battleaxe         |       |       |       |   225 |    12 |       ||   237
       Executioner's axe |       |       |       |       |   505 |     4 ||   509
Throw: Tomahawk          |     2 |       |       |     3 |       |       ||     5
       Javelin           |       |       |       |     3 |    22 |       ||    25
Invok: Burn Spellbooks   |       |     1 |     1 |     1 |       |       ||     3
       Berserk           |       |       |     4 |     6 |    14 |       ||    24
  Use: Scroll            |     3 |     5 |     5 |    14 |    19 |       ||    46
       Potion            |       |       |       |     3 |    10 |       ||    13
  Eat: Chunk             |     1 |     5 |    10 |    19 |    27 |       ||    62
       Beef jerky        |       |     1 |     2 |     6 |     2 |       ||    11
       Pizza             |       |       |     1 |       |     5 |       ||     6
       Fruit             |       |       |       |     2 |       |       ||     2
       Meat ration       |       |       |       |       |     1 |       ||     1
       Bread ration      |       |       |       |       |     1 |       ||     1
       Royal jelly       |       |       |       |       |     1 |       ||     1
Armor: Animal skin       |     3 |       |       |       |       |       ||     3
       Leather armour    |    21 |    20 |       |       |       |       ||    41
       Chain mail        |       |    26 |    22 |       |       |       ||    48
       Fire dragon armou |       |       |    81 |   218 |   364 |    16 ||   679
       Skin              |       |       |       |    33 |       |       ||    33
Dodge: Dodged            |    69 |    49 |   132 |   498 |  1076 |     6 ||  1830
